AoeStats
← GORGORY

Pilgrims

509740885Analyzed
2v2 RM · 4d ago on Sep 27, 2026· 54m 45s· 4 players
Game mode
Random Map
Map size
Medium (4 player)
Population
200
Speed
Normal
Resources
Standard
Victory
Conquest
Starting age
Dark Age
Ending age
Imperial Age
RankedLock teamsTeams togetherTeam positionsShared explorationLock speedFull tech treeHidden civsTurbo modeCheats
Victory
Defeat
🇦🇷 Magyars · Argentina
934
+14
🇧🇷 Georgians · Brazil
856
+18
🇪🇸 Burgundians · Spain
918
-17
🇬🇧 Chinese · United Kingdom
876
-15
t.f.blanchard
4:22 Loom
12:36 Feudal Age
13:29 Double-Bit Axe
13:42 Fishing Lines
19:16 Castle Age
17:19 Gold Mining
18:02 Fletching
19:53 Bodkin Arrow
20:47 Gold Shaft Mining
20:09 Gillnets
20:31 Crossbowman
27:40 Padded Archer Armor
29:20 Wheelbarrow
32:00 Imperial Age
30:53 Bloodlines
30:47 Stone Mining
31:54 Ballistics
32:36 Arbalester
35:59 Chemistry
36:48 Medium Warships
38:04 Elite Fire Lancer
41:15 Wheelbarrow
42:44 Thumb Ring
45:45 Forging
45:35 Bracer
47:45 Iron Casting
47:10 Scale Mail Armor
paujou92
1:20 Double-Bit Axe
6:52 Loom
7:38 Loom
10:26 Wheelbarrow
10:11 Horse Collar
14:31 Feudal Age
14:24 Stone Mining
14:26 Gold Mining
20:27 Gold Shaft Mining
GORGORY
3:38 Loom
10:50 Feudal Age
11:19 Double-Bit Axe
13:09 Horse Collar
15:28 Wheelbarrow
23:33 Castle Age
21:41 Stone Mining
21:46 Gold Mining
22:57 Bloodlines
23:22 Scale Barding Armor
24:48 Husbandry
26:34 Town Watch
27:17 Light Cavalry
29:01 Chain Barding Armor
29:25 Fervor
34:34 Hand Cart
35:53 Town Patrol
39:19 Imperial Age
37:13 Ballistics
37:28 Murder Holes
38:07 Sanctity
39:29 Gold Shaft Mining
40:03 Heavy Plow
40:16 Bow Saw
39:28 Cavalier
39:42 Hussar
42:25 Conscription
45:16 Heavy Cavalry Archer
46:03 Thumb Ring
47:07 Two-Man Saw
46:48 Paladin
49:55 Parthian Tactics
52:47 Fletching
52:57 Padded Archer Armor
53:33 Plate Barding Armor
RHMM16
11:08 Feudal Age
16:31 Castle Age
15:42 Horse Collar
16:00 Stone Mining
22:02 Demolition Ship
25:45 Bloodlines
25:36 Husbandry
29:54 Heavy Plow
33:33 Scale Barding Armor
36:43 Wheelbarrow
39:20 Imperial Age
38:12 Gold Mining
40:58 Conscription
41:31 Forging
44:55 Town Watch
45:42 Hand Cart
48:54 Arson
49:10 Squires
48:30 Pikeman
Connection lost

Rejoining the realm…

Still unreachable

The connection could not be restored.

Session expired

The server has moved on; the page needs a fresh start.